 Dungeon Crawl Stone Soup version 0.24-a0-250-g6074511 (webtiles) character file.

Game seed: 13994055998211182896

2917 Ijustatesigmund the Skirmisher (level 9, -14/64 HPs)
             Began as an Octopode Fighter on Apr 15, 2019.
             Demolished by a two-headed ogre
             ... wielding a +0 giant club
              (24 damage)
             ... on level 8 of the Dungeon.
             The game lasted 00:14:16 (6099 turns).

Ijustatesigmund the Skirmisher (Octopode Fighter)   Turns: 6099, Time: 00:14:17

Health: -14/64     AC: 20    Str: 15    XL:     9   Next: 79%
Magic:  9/9        EV: 16    Int: 10    God:
Gold:   384        SH: 10    Dex: 15    Spells: 8/8 levels left

rFire    . . .     SeeInvis .   A - +6 flail (protect)
rCold    . . .     Gourm    .   b - +0 shield
rNeg     + . .     Faith    .   (helmet restricted)
rPois    +         Spirit   .   k - amulet of regeneration
rElec    .         Reflect  .   m - +4 ring of protection
rCorr    +         Harm     .   l - ring of positive energy
MR       .....                  w - +1 ring of evasion
Stlth    +++.......             y - ring of resist corrosion
HPRegen  0.60/turn              z - +6 ring of protection
MPRegen  0.11/turn              B - ring of poison resistance
                                (no ring)
                                (no ring)

@: protection aura
A: almost no armour, stealthy swim, amphibious, 8 rings, constrict 8, slimy
green scales 1, camouflage 1, blink, gelatinous body 1
a: Blink


You were on level 8 of the Dungeon.
You were not hungry.

You visited 2 branches of the dungeon, and saw 9 of its levels.
You also visited: Sewer and Ossuary.

You collected 384 gold pieces.

Inventory:

Hand Weapons
 a - a +1 war axe
 A - a +6 flail of protection (weapon)
Armour
 b - a +0 shield (worn)
Jewellery
 k - an amulet of regeneration (around mantle)
 l - a ring of positive energy (right tentacle)
 m - a +4 ring of protection (left tentacle)
 s - an uncursed amulet of the acrobat {unknown}
 w - a +1 ring of evasion (on tentacle)
 y - a ring of resist corrosion (on tentacle)
 z - a +6 ring of protection (on tentacle)
 B - a ring of poison resistance (on tentacle)
Wands
 h - a wand of disintegration (15)
Scrolls
 g - 2 scrolls of magic mapping
 r - 2 scrolls of remove curse
 v - a scroll of amnesia
 E - a scroll of enchant armour {unknown}
Potions
 c - 2 potions of might
 e - a potion of lignification
 f - a potion of flight
 i - 2 potions of magic
 j - a potion of resistance
 n - a potion of haste
 o - 2 potions of heal wounds {unknown}
 p - a potion of cancellation {unknown}
 q - 2 potions of berserk rage {unknown}
 t - 3 potions of curing
 u - 2 potions of mutation
 x - a potion of ambrosia {unknown}
 C - 2 potions of brilliance {unknown}
Comestibles
 d - 23 rations


   Skills:
 + Level 7.6 Fighting
 - Level 7.1(7.8) Axes
 + Level 4.6(6.5) Maces & Flails
 + Level 5.8 Dodging
 + Level 2.0 Stealth
 + Level 5.8 Shields
 + Level 1.2 Evocations


You had 8 spell levels left.
You didn't know any spells.
Your spell library was empty.

Dungeon Overview and Level Annotations

Branches:
Dungeon (8/15)             Temple (1/1) D:5
   Lair: D:8-11

Altars:
Ashenzari
Dithmenos
Elyvilon
Fedhas
Gozag
Hepliaklqana
Kikubaaqudgha
Makhleb
Nemelex Xobeh
Okawaru
Qazlal
Ru
Sif Muna
Trog
Uskayaw
Wu Jian
Xom
Yredelemnul
Zin
The Shining One

Shops:
D:5 *

Annotations:
D:6 1 runed translucent door, Borgoz's ghost, novice KoGl


Innate Abilities, Weirdness & Mutations

You cannot wear most types of armour.
You are very stealthy in the water. (Stealth+)
You are amphibious.
You can wear up to eight rings at the same time.
You can use your tentacles to constrict eight enemies at once.
Your skin changes colour to match your surroundings (Stealth+).
Your rubbery body absorbs attacks. (AC +1, EV +1)
You are partially covered in slimy green scales. (AC +2)
You can translocate small distances at will.


Message History

No target in view!
No target in view!
No target in view!
No target in view!
Found a stone staircase leading down.
Found a robe.
Found a dagger.
There is a stone staircase leading down here.
A two-headed ogre comes into view.
It is wielding a +0 giant club and a -1 giant spiked club.
You sock the two-headed ogre!
Your weapon exudes an aura of protection.
The two-headed ogre is moderately wounded.
The two-headed ogre hits you with a +0 giant club!
The two-headed ogre hits you with a cursed -1 giant spiked club!!
You thump the two-headed ogre!
The two-headed ogre is moderately wounded.
The two-headed ogre hits you with a +0 giant club!!
* * * LOW HITPOINT WARNING * * *
The two-headed ogre hits you with a cursed -1 giant spiked club!!
You die...

#....# #.# #....# ###
###.#<## #.....#
#.....# # #.....# .#
#.....# ########..#
###.#.######.#)......#
............>...@O...#
###.#.#.####.#.......#
#.#........#..######
#.##.#######..#
#.##(......[..#
#.###########.# #.#
#.# #.# #..


You could see a two-headed ogre.

Vanquished Creatures
  Grinder (D:4)
  A wraith (Ossuary)
  Edmund (D:4)
  An ice beast (D:6)
  An orc warrior (D:5)
  A phantom (D:4)
  A sky beast (D:5)
  An ogre (D:7)
  2 centaurs
  6 bullfrogs
  2 scorpions (D:6)
  4 killer bees (D:7)
  4 howler monkeys (D:7)
  A bullfrog zombie (D:5)
  A centaur zombie (D:5)
  4 crimson imps
  A centaur skeleton (D:7)
  2 hounds
  3 orc priests
  Crazy Yiuf (D:5)
  A bullfrog skeleton (D:6)
  2 iguanas (D:6)
  3 orc wizards (D:6)
  9 worker ants
  A killer bee zombie (D:7)
  A hound skeleton (D:5)
  3 mummies (Ossuary)
  Robin (D:4)
  7 adders
  An adder zombie (D:7)
  2 worms
  5 dart slugs
  4 leopard geckos
  11 orcs
  A bat (D:1)
  7 giant cockroaches
  2 gnoll zombies (Ossuary)
  17 goblins
  5 hobgoblins
  5 jackals
  7 ball pythons
  11 frilled lizards
  6 goblin zombies (Ossuary)
  A hobgoblin zombie (Ossuary)
  4 kobolds
  2 kobold zombies (Ossuary)
  10 rats
168 creatures vanquished.

Vanquished Creatures (others)
  A plant (D:3)
1 creature vanquished.

Grand Total: 169 creatures vanquished

Notes
Turn   | Place    | Note
-------+----------+-------------------------------------------
     0 | D:1      | Ijustatesigmund the Octopode Fighter began the quest for
                  | the Orb.
     0 | D:1      | Reached XP level 1. HP: 16/16 MP: 1/1
    72 | D:1      | Reached XP level 2. HP: 21/21 MP: 2/2
   138 | D:1      | HP: 1/21 [kobold/+0 whip (7)]
   965 | D:1      | Reached XP level 3. HP: 26/26 MP: 3/3
  1007 | D:2      | Found a white marble altar of Elyvilon.
  1040 | D:2      | Found an ornate altar of the Wu Jian Council.
  1465 | D:2      | Reached XP level 4. HP: 19/33 MP: 4/4
  2039 | D:2      | Found a burning altar of Makhleb.
  2322 | D:3      | Reached XP level 5. HP: 37/37 MP: 5/5
  2438 | D:3      | Found a glowing drain.
  2442 | Sewer    | Entered a sewer
  2683 | Sewer    | Reached skill level 5 in Axes
  2683 | Sewer    | Reached XP level 6. HP: 40/44 MP: 6/6
  2767 | D:3      | Found a bloodstained altar of Trog.
  2826 | D:3      | You fall through a shaft for 3 floors!
  2830 | D:6      | Found a deep blue altar of Sif Muna.
  2838 | D:6      | Found a runed translucent door.
  2847 | D:5      | Entered Level 5 of the Dungeon
  2847 | D:5      | Noticed a sky beast
  2852 | D:5      | Killed a sky beast
  2866 | D:5      | Reached skill level 5 in Fighting
  2866 | D:5      | Reached XP level 7. HP: 39/50 MP: 7/7
  2932 | D:4      | Noticed Robin
  2945 | D:4      | Killed Robin
  3073 | D:4      | Found a sand-covered staircase.
  3078 | Ossuary  | Entered an ossuary
  3078 | Ossuary  | Noticed a wraith
  3078 | Ossuary  | Noticed a wraith
  3078 | Ossuary  | Noticed a wraith
  3278 | Ossuary  | Gained mutation: You are partially covered in slimy green
                  | scales. (AC +2) [potion of mutation]
  3278 | Ossuary  | Gained mutation: You can translocate small distances at
                  | will. [potion of mutation]
  3429 | Ossuary  | Noticed a wraith
  3440 | Ossuary  | Killed a wraith
  3671 | D:4      | Noticed Edmund
  3680 | D:4      | Killed Edmund
  3698 | D:4      | Noticed Grinder
  3703 | D:4      | Paralysed by Grinder for 4 turns
  3710 | D:4      | Killed Grinder
  3710 | D:4      | Reached skill level 1 in Maces & Flails
  3710 | D:4      | Reached XP level 8. HP: 48/57 MP: 8/8
  3989 | D:5      | Found a staircase to the Ecumenical Temple.
  4135 | D:5      | Found Amuifyu's Lightly-Used Armoury.
  4180 | D:5      | Found a shattered altar of Ashenzari.
  4180 | D:5      | Found a blossoming altar of Fedhas.
  4181 | D:5      | Found an iron altar of Okawaru.
  4182 | D:5      | Found a hazy altar of Hepliaklqana.
  4183 | D:5      | Found a deep blue altar of Sif Muna.
  4347 | D:5      | Found a runed translucent door.
  4348 | D:5      | Noticed Crazy Yiuf
  4357 | D:5      | Killed Crazy Yiuf
  4774 | D:6      | Reached XP level 9. HP: 48/63 MP: 9/9
  4959 | D:6      | Reached skill level 5 in Dodging
  4959 | D:6      | Reached skill level 5 in Shields
  5259 | D:6      | Noticed a cyclops
  5259 | D:6      | Noticed Borgoz's ghost (novice KoGl)
  5401 | Temple   | Entered the Ecumenical Temple
  5635 | D:7      | Found a shimmering altar of Xom.
  5746 | D:7      | Reached skill level 1 in Stealth
  5790 | D:7      | Reached skill level 1 in Evocations
  5941 | D:7      | Found a basalt altar of Yredelemnul.
  5953 | D:7      | Found a glowing golden altar of the Shining One.
  6094 | D:8      | Noticed a two-headed ogre
  6099 | D:8      | Demolished by a two-headed ogre

Levels and vault maps discovered:
D:1:      minmay_arrival_radiant_lines, layout_basic, minmay_nonomino_d4
D:2:      layout_loops_corners, lemuel_crystal_altar,
          nicolae_overflow_crystal_walls, lemuel_coloured_pillars_altar
D:3:      layout_rooms, lightli_temple_of_fire, first_ration, serial_glass,
          glass_columns_a, glass_columns_b, gup_sewer_entry_bowl,
          serial_bayou_lagoon_a, kennysheep_generic_room_2
D:4:      layout_rooms, enter_ossuary_5, corner_web_ring, uniq_grinder,
          uniq_edmund, uniq_robin
D:5:      layout_loops_ring, grunt_temple_overflow_open, temple_pool_b,
          eino_tiny_chamber, minmay_shop_damaged, uniq_crazy_yiuf_cottage
D:6:      layout_rooms, basic_altar, ebering_ghost_inner_flame,
          grunt_ministairs_15
D:7:      layout_rooms, tso_metal_star, tgw_xom, basic_altar,
          nrook_loot_triangle
D:8:      cheibrodos_two_vegetables, layout_basic, kennysheep_mini,
          hangedman_pestilent_swarm
Temple:   jpeg_temple_island
Sewer:    sewer_frog_island_01
Ossuary:  ossuary_kennysheep_city_of_the_dead

Skill      XL: |  1  2  3  4  5  6  7  8  9 |
---------------+----------------------------+-----
Axes           | 3 4 5 6 7 |  7.1
Fighting       | 4 5 6 7 |  7.6
Maces & Flails | 1 3 4 |  4.6
Dodging        | 4 5 |  5.8
Shields        | 4 5 |  5.8
Stealth        | 2 |  2.0
Evocations     | 1 |  1.2

Action                   |  1- 3 |  4- 6 |  7- 9 || total
-------------------------+-------+-------+-------++-------
Melee: War axe           |    40 |    87 |    58 ||   185
       Constrict         |    13 |    23 |    56 ||    92
       Tentacles         |     6 |    20 |    48 ||    74
       Flail             |       |       |   179 ||   179
Evoke: Wand              |       |       |     1 ||     1
  Use: Scroll            |     5 |     7 |     7 ||    19
       Potion            |     1 |       |     5 ||     6
 Stab: Sleeping          |     8 |     8 |     4 ||    20
       Invisible         |       |       |     2 ||     2
  Eat: Chunk             |     2 |     2 |     6 ||    10
       Ration            |       |     1 |     1 ||     2
Armor: Skin              |     3 |    19 |    60 ||    82
Dodge: Dodged            |    12 |    33 |   140 ||   185
Block: Shield            |    12 |    33 |   121 ||   166

Table legend:
 A = Non-vault XP
 B = Vault XP
 C = Vault XP percentage of total XP
 D = Non-vault monster count
 E = Vault monster count
 F = Vault count percentage of total count
                 A         B        C        D         E       F
            +---------+---------+-------+---------+---------+-------
      Total |    2959 |    1209 |  29.0 |     103 |      65 |  38.7
            +---------+---------+-------+---------+---------+-------
        D:1 |      27 |       8 |  22.9 |      13 |       5 |  27.8
        D:2 |      98 |       0 |   0.0 |      12 |       0 |   0.0
        D:3 |      75 |      15 |  16.7 |      12 |       6 |  33.3
        D:4 |     177 |     482 |  73.1 |       7 |      15 |  68.2
        D:5 |     943 |      40 |   4.1 |      21 |       1 |   4.5
        D:6 |     863 |       0 |   0.0 |      18 |       0 |   0.0
        D:7 |     733 |     174 |  19.2 |      19 |       4 |  17.4
        D:8 |      43 |       0 |   0.0 |       1 |       0 |   0.0
      Sewer |       0 |     204 | 100.0 |       0 |      19 | 100.0
    Ossuary |       0 |     286 | 100.0 |       0 |      15 | 100.0
            +---------+---------+-------+---------+---------+-------
